 Dungeon Crawl Stone Soup version 0.30-a0-743-gbfdf073431 (webtiles) character file.

Game seed: 14607518851812892707

140 M4edhros the Sneak (level 5, -3/36 HPs)
             Began as an Octopode Delver on Feb 5, 2023.
             Slain by an orc warrior
             ... wielding a +0 halberd
              (11 damage)
             ... in a bailey on Feb 6, 2023.
             The game lasted 00:03:11 (445 turns).

M4edhros the Sneak (Octopode Delver)                 Turns: 445, Time: 00:03:12

Health: -3/36      AC:  1    Str: 11    XL:     5   Next: 22%
Magic:  5/5        EV: 13    Int: 12    God:
Gold:   46         SH:  0    Dex: 16    Spells: 4/4 levels left

rFire   . . .      SeeInvis .      - Unarmed
rCold   . . .      Faith    .    (no shield)
rNeg    . . .      Spirit   .    (helmet restricted)
rPois   .          Reflect  .    (no amulet)
rElec   .          Harm     .    (no ring)
rCorr   .          Rampage  .    (no ring)
Will    .....                    (no ring)
Stlth   +++++                    (no ring)
HPRegen 0.26/turn                (no ring)
MPRegen 0.09/turn                (no ring)
                                 (no ring)
                                 (no ring)

@: no status effects
A: almost no armour, amphibious, 8 rings, camouflage 1, gelatinous body 1,
nimble swimmer 1, tentacles
a: no special abilities


You were in a bailey.
You visited 1 branch of the dungeon, and saw 3 of its levels.
You also visited: Bailey.

You collected 46 gold pieces.

Inventory:

Armour
 i - a +0 buckler
Wands
 e - a wand of digging (3)
Scrolls
 a - a scroll of fog
 b - a scroll of magic mapping
 c - a scroll of fear
Potions
 f - a potion of attraction


   Skills:
 - Level 3.0 Fighting
 - Level 2.0 Dodging
 - Level 6.6 Stealth
 + Level 5.2 Unarmed Combat


You had 4 spell levels left.
You didn't know any spells.
Your spell library was empty.

Dungeon Overview and Level Annotations

Branches:
Dungeon (7/15)             Bailey (1/1)
 Temple: D:4-7

Altars:

Shops:
D:7 *


Innate Abilities, Weirdness & Mutations

You cannot wear most types of armour.
You are amphibious.
You can wear up to eight rings at the same time.
Your skin changes colour to match your surroundings (Stealth+).
Your rubbery body absorbs attacks. (AC +1, EV +1)
You are camouflaged when in or above water. (Stealth+)
You have tentacles for arms and can constrict up to eight enemies at once.


Message History

You kill the orc!
You constrict the orc. The orc completely misses you.
You tentacle-slap the orc but do no damage.
The orc is moderately wounded.
You constrict the orc, but do no damage.
The orc barely misses you.
You barely miss the orc.
The orc is moderately wounded.
You constrict the orc.
You kill the orc!
You hear a splash. x2
You enter the shallow water.
Items here: )) [[ ††.
Things that are here:
a +0 trident; a +0 chain mail; an orc corpse You start resting.
An orc warrior is nearby!
Okay, then.
Okay, then.
You enter the shallow water.
The orc warrior shouts!
You enter the shallow water.
You closely miss the orc warrior. You grab the orc warrior.
You squeeze the orc warrior, but do no damage.
You constrict the orc warrior.
The orc warrior hits you with a +0 halberd!
You tentacle-slap the orc warrior but do no damage.
The orc warrior is lightly wounded.
You constrict the orc warrior, but do no damage.
The orc warrior hits you with a +0 halberd!
* * * LOW HITPOINT WARNING * * *
You tentacle-slap the orc warrior but do no damage.
The orc warrior is lightly wounded.
You constrict the orc warrior, but do no damage.
The orc warrior misses you.
You tentacle-slap the orc warrior but do no damage.
The orc warrior is lightly wounded.
You constrict the orc warrior.
The orc warrior hits you with a +0 halberd!
You die...

##..# ##..~~~~~
#.)## ##..~~....
##..######..~~..###
#........o.~~..##
#.~~~~~~~~~~..##
#.~).........##
#.~.##########
#.).##.$$$.#
#.@..##.$.#
#.~o..##.##
#∩.~~..#+# ##.~~..#
.~~..## #.~..##
#.~.## #.~.#


You could see an orc warrior.

Vanquished Creatures
  An orc warrior (Bailey)
  A hound (D:7)
  7 orcs
  4 goblins (D:7)
13 creatures vanquished.

Notes
Turn   | Place    | Note
-------+----------+-------------------------------------------
     0 | D:5      | M4edhros the Octopode Delver began the quest for the Orb.
     0 | D:5      | Reached XP level 1. HP: 16/16 MP: 1/1
    40 | D:7      | Found Ikheez's Island Escapes.
    84 | D:7      | Noticed a hound
   111 | D:7      | Killed a hound
   112 | D:7      | Reached XP level 2. HP: 11/21 MP: 2/2
   112 | D:7      | Reached XP level 3. HP: 13/26 MP: 3/3
   130 | D:7      | Found a flagged portal.
   155 | D:7      | HP: 1/26 [goblin/+0 spear (5)]
   208 | Bailey   | Entered a bailey
   261 | Bailey   | Noticed an orc warrior
   279 | Bailey   | Killed an orc warrior
   280 | Bailey   | Reached skill level 5 in Unarmed Combat
   280 | Bailey   | Reached XP level 4. HP: 15/31 MP: 4/4
   280 | Bailey   | Reached XP level 5. HP: 17/36 MP: 5/5
   381 | Bailey   | Noticed an orc warrior
   445 | Bailey   | Slain by an orc warrior

Illustrated notes

Levels and vault maps discovered:
D:5:      layout_loops_ring, temple_fountains, serial_shops, nicolae_shop_trees,
          uniq_crazy_yiuf_cottage
D:6:      layout_cave_pools, serial_gnoll_camp, gnoll_camp_medium_02,
          gnoll_camp_mini_sergeant, gnoll_camp_huts_moat, gnoll_camp_mini_house,
          gnoll_camp_mini_shop, minmay_misc_feat_columns, chequers_big_river
D:7:      layout_loops_ring, enter_bailey_5, serial_shops, shop,
          nicolae_island_escapes
Bailey:   bailey_polearm_1, bailey

Skill      XL: |  1  2  3 |
---------------+----------+-----
Unarmed Combat | 3 5 |  5.2
Fighting       | |  3.0
Dodging        | |  2.0
Stealth        | |  6.6

Action                     |  1- 3 |  4- 6 || total
---------------------------+-------+-------++-------
  Melee: Unarmed           |    26 |    14 ||    40
         Constrict         |     6 |     3 ||     9
         Tentacles         |     6 |     2 ||     8
         Punch             |     2 |       ||     2
    Use: Potion            |     4 |       ||     4
         Scroll            |     1 |       ||     1
 Armour: Skin              |     2 |       ||     2
  Dodge: Dodged            |    22 |     9 ||    31

Table legend: (Time is in decaauts)
 A = Elapsed time spent in this place.
 B = Non-inter-level travel time spent in this place.
 C = Inter-level travel time spent in this place.
 D = Time resting spent in this place.
 E = Time spent auto-exploring this place.
 F = Levels seen in this place.
 G = Mean time per level.
                   A        B        C        D        E       F      G
               +--------+--------+--------+--------+--------+-----+--------+
         Total |    424 |    424 |      0 |    125 |      0 |   4 |  106.0 |
       Dungeon |    206 |    206 |      0 |      0 |      0 |   3 |   68.7 |
        Bailey |    217 |    217 |      0 |    125 |      0 |   1 |  217.0 |
               +--------+--------+--------+--------+--------+-----+--------+

Top non-repeatable levels by time:
  Bailey: 217 daAuts
     D:7: 177 daAuts
     D:6: 27 daAuts
     D:5: 1 daAuts
